 Dungeon Crawl Stone Soup version 0.28.0 (webtiles) character file.

Game seed: 9011812544900100764

769 Kaptain the Digger (level 7, 0/40 HPs)
             Began as a Gargoyle Earth Elementalist on Feb 14, 2022.
             Slain by a two-headed ogre (8 damage)
             ... on level 4 of the Dungeon.
             The game lasted 00:11:38 (5520 turns).

Kaptain the Digger (Gargoyle Earth Elementalist)    Turns: 5520, Time: 00:11:39

Health: 0/40       AC: 10    Str: 11    XL:     7   Next: 82%
Magic:  11/12      EV: 11    Int: 18    God:
Gold:   229        SH:  0    Dex: 10    Spells: 9/13 levels left

rFire   + . .      SeeInvis .   n - staff of earth
rCold   . . .      Faith    .   (no shield)
rNeg    + . .      Spirit   .   c - +1 leather armour {rF+}
rPois   ∞          Reflect  .   (no helmet)
rElec   +          Harm     .   (no cloak)
rCorr   .          Rampage  .   e - +0 pair of gloves
Will    .....                   (no boots)
Stlth   ++........              (no amulet)
HPRegen 0.13/turn               (no ring)
MPRegen 0.13/turn               (no ring)

@: no status effects
A: sickness immunity, AC +4, negative energy resistance 1, electricity
resistance, torment resistance 1, petrification resistance
a: no special abilities


You were on level 4 of the Dungeon.
You visited 2 branches of the dungeon, and saw 6 of its levels.

You collected 229 gold pieces.

Inventory:

Hand Weapons
 d - a +2 vampiric dagger
Armour
 b - a +0 robe
 c - a +1 leather armour of fire resistance (worn)
 e - a +0 pair of gloves (worn)
 m - a +0 buckler
Magical Staves
 n - a staff of earth (weapon)
Scrolls
 j - a scroll of teleportation
Potions
 a - 3 potions of heal wounds
 f - a potion of attraction {unknown}
 g - a potion of degeneration {unknown}
 h - 2 potions of resistance
 i - a potion of magic {unknown}
 k - a potion of haste {unknown}


   Skills:
 + Level 2.5 Fighting
 + Level 2.6 Armour
 + Level 2.6 Dodging
 + Level 3.7 Stealth
 + Level 1.7 Shields
 * Level 3.8 Spellcasting
 * Level 3.3 Conjurations
 - Level 0.7 Transmutations
 * Level 5.8 Earth Magic


You had 9 spell levels left.
You knew the following spells:

 Your Spells              Type           Power      Damage    Failure   Level
a - Sandblast             Erth           72%        2d16      1%          1
b - Stone Arrow           Conj/Erth      58%        3d10      9%          3

Your spell library contained the following spells:

 Spells                   Type           Power      Damage    Failure   Level
 Passwall                 Tmut/Erth      18%        N/A       8%          2
 Mephitic Cloud           Conj/Pois/Air  7%         N/A       36%         3
 Petrify                  Tmut/Erth      22%        N/A       45%         4
 Ignite Poison            Fire/Tmut/Pois 4%         N/A       47%         3
 Freezing Cloud           Conj/Ice/Air   3%         6-21      98%         5


Dungeon Overview and Level Annotations

Branches:
Dungeon (5/15)             Temple (1/1) D:5

Altars:
Ashenzari
Cheibriados
Dithmenos
Fedhas
Gozag
Makhleb
Nemelex Xobeh
Okawaru
Qazlal
Ru
Sif Muna
Uskayaw
Vehumet
Wu Jian
Xom
The Shining One


Innate Abilities, Weirdness & Mutations

You are immune to sickness and miasma.
Your stone body is resilient. (AC +4)
You are immune to poison.
You resist negative energy. (rN+)
You are resistant to electric shocks. (rElec)
You are resistant to unholy torment.
You are immune to petrification.


Message History

Aiming: Stone Arrow (dangerous; 10% risk of failure)
Press: ? - help, Shift-Dir - straight line, f - hound zombie
Aim: a hound zombie (lightly damaged, 79% to hit)
You feel a surge of power!
The stone arrow hits the hound zombie!!
You destroy the hound zombie!
Casting: Stone Arrow (dangerous; 9% risk of failure)
Confirm with . or Enter, or press ? or * to list all spells.
Aiming: Stone Arrow (dangerous; 9% risk of failure)
Press: ? - help, Shift-Dir - straight line, f - you You feel a surge of power!
That beam is likely to hit you.
Continue anyway?
Okay, then.
Unknown command.
There is a staircase to the Ecumenical Temple, spattered with blood here.
You see here a +0 club.
You start resting.
Magic restored.
There is a stone staircase leading up here.
A two-headed ogre and an orc come into view.
A centaur zombie comes into view.
Casting: Stone Arrow (dangerous; 9% risk of failure)
Confirm with . or Enter, or press ? or * to list all spells.
Aiming: Stone Arrow (dangerous; 9% risk of failure)
Press: ? - help, Shift-Dir - straight line, f - two-headed ogre
Aim: a two-headed ogre, wielding two +0 giant clubs (86% to hit)
You feel a surge of power!
The stone arrow hits the two-headed ogre!
The two-headed ogre is lightly wounded.
Unknown command.
There is a stone staircase leading up here.
The two-headed ogre hits you with a +0 giant club!
The two-headed ogre completely misses you.
You climb upwards.
There is a stone staircase leading down here.
Unknown command.
The two-headed ogre hits you with a +0 giant club!!
Ouch! That really hurt!
* * * LOW HITPOINT WARNING * * *
The two-headed ogre hits you with a +0 giant club!
You die...

#..###.######
#...##.#######
#....#.......#####
###..#.###.......#
#..#.# #.......#
#....# #.......#
##.#.###.......#
#......'.......#
#.#.@###.......#
#...O# #.......#
#..#.###########
#...>.# #.###.#
#.....# #######


You could see a two-headed ogre.

Vanquished Creatures
  A sky beast (D:5)
  An ogre (D:5)
  A phantom (D:3)
  A scorpion (D:5)
  A water moccasin skeleton (D:5)
  A bullfrog zombie (D:5)
  A centaur skeleton (D:5)
  2 hounds (D:4)
  An orc priest (D:5)
  A bullfrog skeleton (D:5)
  A killer bee zombie (D:5)
  2 hound zombies (D:5)
  3 howler monkey zombies (D:5)
  4 gnolls
  4 adders
  An adder skeleton (D:4)
  5 dart slugs
  4 orcs
  7 endoplasms
  4 giant cockroaches
  10 goblins
  8 hobgoblins
  4 jackals (D:1)
  A quokka (D:1)
  4 ball pythons
  5 bats
  2 frilled lizards (D:1)
  4 kobolds
  4 rats
88 creatures vanquished.

Vanquished Creatures (others)
  4 withered plants (D:5)
4 creatures vanquished.

Grand Total: 92 creatures vanquished

Notes
Turn   | Place    | Note
-------+----------+-------------------------------------------
     0 | D:1      | Kaptain the Gargoyle Earth Elementalist began the quest for
                  | the Orb.
     0 | D:1      | Reached XP level 1. HP: 10/10 MP: 3/3
   180 | D:1      | Reached XP level 2. HP: 15/15 MP: 1/5
   683 | D:1      | Reached skill level 4 in Earth Magic
   722 | D:1      | Reached XP level 3. HP: 20/20 MP: 6/6
   726 | D:1      | Learned a level 3 spell: Stone Arrow
  1042 | D:1      | Found a faded altar of an unknown god.
  1135 | D:1      | Reached skill level 1 in Armour
  1599 | D:2      | Reached skill level 1 in Fighting
  1599 | D:2      | Reached XP level 4. HP: 25/25 MP: 0/7
  1728 | D:2      | Reached skill level 1 in Conjurations
  1870 | D:2      | Found a snail-covered altar of Cheibriados.
  2105 | D:2      | Reached XP level 5. HP: 29/29 MP: 9/9
  2752 | D:4      | Noticed a phantom
  2830 | D:3      | Killed a phantom
  3195 | D:4      | Reached XP level 6. HP: 35/35 MP: 7/10
  3627 | D:4      | Reached skill level 5 in Earth Magic
  3879 | D:5      | Entered Level 5 of the Dungeon
  3879 | D:5      | Noticed a sky beast
  3879 | D:5      | Found a staircase to the Ecumenical Temple.
  4273 | D:5      | Killed a sky beast
  4274 | D:5      | Reached skill level 1 in Shields
  4274 | D:5      | Reached XP level 7. HP: 30/40 MP: 1/12
  4352 | Temple   | Entered the Ecumenical Temple
  4990 | D:5      | Noticed a two-headed ogre
  5520 | D:4      | Slain by a two-headed ogre

Illustrated notes

Levels and vault maps discovered:
D:1:      saegor_arrival_simple_a, layout_basic,
          shapermc_ecumenical_altar_mp_highgroup, amethyst_killhole
D:2:      layout_loops_cross, basic_altar, minmay_bisected
D:3:      layout_basic, minmay_goblin_outpost
D:4:      layout_basic
D:5:      layout_loops_cross, minmay_temple_entry_proselytizer, serial_undead,
          serial_undead_d, serial_undead_a, serial_undead_b, serial_undead_f
Temple:   regret_index_temple_sphere_string

Skill      XL: |  1  2  3  4  5  6  7 |
---------------+----------------------+-----
Earth Magic    | 4 5 |  5.8
Armour         | 1 2 |  2.6
Fighting       | 1 2 |  2.5
Dodging        | 2 |  2.6
Conjurations   | 1 2 3 |  3.3
Stealth        | 3 |  3.7
Spellcasting   | 3 |  3.8
Shields        | 1 |  1.7
Transmutations | |  0.7

Action                   |  1- 3 |  4- 6 |  7- 9 || total
-------------------------+-------+-------+-------++-------
Melee: Dagger            |   118 |    79 |    11 ||   208
       Punch             |     1 |     1 |       ||     2
       Staff             |       |    46 |     8 ||    54
 Cast: Sandblast         |    19 |    13 |       ||    32
       Stone Arrow       |       |    19 |    27 ||    46
  Use: Scroll            |       |     2 |     4 ||     6
       Potion            |       |       |     2 ||     2
 Stab: Sleeping          |     4 |     3 |       ||     7
Armor: Robe              |    34 |     6 |       ||    40
       Leather armour    |       |    62 |    31 ||    93
Dodge: Dodged            |    75 |    73 |    35 ||   183
